 Dungeon Crawl Stone Soup version 0.29.1-1-gd02db6906a (webtiles) character file.

Game seed: 2068965191507278570

67 RKaid the Shooter (level 3, 0/21 HPs)
             Began as a Deep Elf Hunter on Sept 23, 2022.
             Slain by a phantom (3 damage)
             ... on level 3 of the Dungeon.
             The game lasted 00:03:08 (1687 turns).

RKaid the Shooter (Deep Elf Hunter)                 Turns: 1687, Time: 00:03:08

Health: 0/21       AC:  4    Str:  8    XL:     3   Next: 98%
Magic:  5/5        EV: 13    Int: 13    God:
Gold:   55         SH:  0    Dex: 20    Spells: 2/2 levels left

rFire   . . .      SeeInvis .   a - +0 shortbow
rCold   . . .      Faith    .   (shield currently unavailable)
rNeg    . . .      Spirit   .   c - +0 leather armour
rPois   .          Reflect  .   (no helmet)
rElec   .          Harm     .   (no cloak)
rCorr   .          Rampage  .   l - +0 pair of gloves
Will    .....                   (no boots)
Stlth   ++........              (no amulet)
HPRegen 0.07/turn               (no ring)
MPRegen 0.09/turn               (no ring)

@: no status effects
A: no striking features
a: no special abilities


You were on level 3 of the Dungeon.
You visited 1 branch of the dungeon, and saw 3 of its levels.

You collected 55 gold pieces.

Inventory:

Hand Weapons
 a - a +0 shortbow (weapon)
Armour
 c - a +0 leather armour (worn)
 l - a +0 pair of gloves (worn)
   (You found it on level 1 of the Dungeon)
Magical Staves
 k - a staff of earth
   (You found it on level 2 of the Dungeon)
Scrolls
 b - 2 scrolls of immolation {!r}
 g - 3 scrolls of vulnerability {!r!r}
 i - a scroll of identify
 j - a scroll of butterflies
Potions
 e - a potion of resistance
 f - a potion of magic
 h - a potion of heal wounds


   Skills:
 + Level 2.2 Fighting
 * Level 6.4 Ranged Weapons
 + Level 3.3 Dodging
 - Level 1.2 Stealth


You had 2 spell levels left.
You didn't know any spells.
Your spell library contained the following spells:

 Spells                   Type           Power      Damage    Failure   Level
 Airstrike                Air            0%         2d(0-16)  99%         4
 Summon Lightning Spire   Summ/Air       0%         N/A       99%         4
 Lightning Bolt           Conj/Air       0%         1d11      100%        5
 Conjure Ball Lightning   Conj/Air       0%         3x3d6     100%        6
 Discord                  Hex            0%         N/A       100%        8
 Disjunction              Tloc           0%         N/A       100%        8


Dungeon Overview and Level Annotations

Branches:
Dungeon (3/15)

Altars:


Message History

There is an open door here.
There is an open door here.
Things that are here:
a +0 club; a worm corpse; a goblin corpse You see here a +0 hand axe.
You see here a +0 hand axe.
Done exploring.
Done exploring.
Done exploring.
Search for what [Enter for "."]? .
As you read the scroll labelled MUASHE DYZXY, it crumbles to dust.
It is a scroll of identify.
f - a potion of magic;
i - 6 scrolls of identify;
e - a fizzy golden potion
As you read the scroll of identify, it crumbles to dust.
e - a potion of resistance
As you read the scroll of identify, it crumbles to dust.
d - 2 potions of degeneration
As you read the scroll of identify, it crumbles to dust.
l - a potion of heal wounds;
h - a potion of heal wounds
l - a +0 pair of gloves (worn)
You drop 2 potions of degeneration {!q}.
There is a stone staircase leading down here.
You climb downwards.
You hear the sound of rushing water.
There is an entrance to a sewer on this level.
Hurry and find it before the portal rusts away!
There is a stone staircase leading up here.
As you read the scroll of identify, it crumbles to dust.
g - 3 scrolls of vulnerability
As you read the scroll of identify, it crumbles to dust.
j - a scroll of butterflies A goblin comes into view.
It is wielding a +0 dagger.
The goblin shouts!
You shoot an arrow. The arrow barely misses the goblin.
No target in view!
You shoot an arrow. The arrow hits the goblin.
You kill the goblin!
No target in view!
No target in view!
A quokka comes into view.
You shoot an arrow. The arrow hits the quokka.
You shoot an arrow. The arrow barely misses the quokka.
You shoot an arrow. The arrow hits the quokka!
You kill the quokka!
No target in view!
No target in view!
A kobold comes into view. It is wielding a +0 dagger.
You shoot an arrow.
The arrow hits the kobold but does no damage.
The kobold shouts!
You hear a shout!
A phantom comes into view.
You shoot an arrow. The arrow hits the kobold.
An orc comes into view. It is wielding a +0 dagger.
You shoot an arrow. The arrow completely misses the kobold.
You shoot an arrow.
The arrow hits the kobold but does no damage.
The orc throws a boomerang.
The boomerang closely misses you.
You shoot an arrow. The arrow hits the kobold.
You kill the kobold!
The orc attacks as you move away! The orc hits you but does no damage.
You shoot an arrow. The arrow closely misses the orc.
The orc hits you with a +0 dagger.
You shoot an arrow. The arrow hits the orc!
You kill the orc!
You hear the slow rusting of a distant drain.
You shoot an arrow.
The arrow hits the phantom but does no damage.
The phantom hits you!
The phantom blinks!
You blink.
The phantom misses you.
Press: ? - help, v - describe, . - travel
Here: a phantom The floor.
Fire: a) +0 shortbow
Press: ? - help, Q - select action Shift-Dir - straight line, f/p - phantom
Aim: a phantom (57% to hit)
You shoot an arrow.
The arrow hits the phantom but does no damage.
The phantom barely misses you.
Fire: a) +0 shortbow
Press: ? - help, Q - select action Shift-Dir - straight line, f/p - phantom
Aim: a phantom (57% to hit)
You shoot an arrow. The arrow hits the phantom!
The phantom hits you but does no damage.
Fire: a) +0 shortbow
Press: ? - help, Q - select action Shift-Dir - straight line, f/p - phantom
Aim: a phantom (heavily damaged, 57% to hit)
You shoot an arrow. The arrow hits the phantom!
The phantom hits you.
* * * LOW HITPOINT WARNING * * *
The phantom blinks!
You blink.
Fire: a) +0 shortbow
Press: ? - help, Q - select action Shift-Dir - straight line, f/p - phantom
Aim: a phantom (severely damaged, 57% to hit)
You shoot an arrow. The arrow hits the phantom!
The phantom hits you.
* * * LOW HITPOINT WARNING * * *
Fire: a) +0 shortbow
Press: ? - help, Q - select action Shift-Dir - straight line, f/p - phantom
Aim: a phantom (almost destroyed, 57% to hit)
You shoot an arrow. The arrow closely misses the phantom.
The phantom closely misses you. The phantom hits you.
You die...

#.# #.# #.# #######
#######.# ###.....# #..
....# #.......# #.# #.)##
#.#.##..# #.# ##..[##
#.#.##..###.###.....###
#.#.)...ยง....W@.........
#.#..#..###.####..##.###
#.......# #.####..# .#
###..##.# #.......# #
#.....# #######+# ##<####
#.# #.# #..


You could see a phantom.

Vanquished Creatures
  An adder (D:2)
  A worm (D:2)
  2 dart slugs
  An orc (D:3)
  5 ball pythons
  3 bats
  3 endoplasms
  A giant cockroach (D:1)
  6 goblins
  3 hobgoblins
  4 jackals (D:2)
  4 quokkas
  2 frilled lizards (D:2)
  4 kobolds
  2 rats
42 creatures vanquished.

Notes
Turn   | Place    | Note
-------+----------+-------------------------------------------
     0 | D:1      | RKaid the Deep Elf Hunter began the quest for the Orb.
     0 | D:1      | Reached XP level 1. HP: 12/12 MP: 3/3
   111 | D:1      | Found a faded altar of an unknown god.
   189 | D:1      | Reached XP level 2. HP: 17/17 MP: 4/4
   940 | D:2      | Reached skill level 2 in Fighting
   940 | D:2      | Reached skill level 6 in Ranged Weapons
   940 | D:2      | Reached skill level 3 in Dodging
   940 | D:2      | Reached XP level 3. HP: 19/21 MP: 5/5
  1671 | D:3      | Noticed a phantom
  1685 | D:3      | HP: 5/21 [phantom (5)]
  1687 | D:3      | Slain by a phantom

Illustrated notes

Levels and vault maps discovered:
D:1:      tarquinn_simple_flora_water_f, layout_basic,
          shapermc_ecumenical_altar_gd
D:2:      layout_basic
D:3:      layout_loops_corners, okawaru_gym_becter, zin_treasury,
          portal_sewer_entry_e

Skill      XL: |  1  2 |
---------------+-------+-----
Fighting       | 2 |  2.2
Ranged Weapons | 6 |  6.4
Dodging        | 3 |  3.3
Stealth        | |  1.2

Action                   || total
-------------------------++-------
 Fire: Shortbow          ||    95
  Use: Scroll            ||     6
Armor: Leather armour    ||     7
Dodge: Dodged            ||     9

Table legend: (Time is in decaauts)
 A = Elapsed time spent in this place.
 B = Non-inter-level travel time spent in this place.
 C = Inter-level travel time spent in this place.
 D = Time resting spent in this place.
 E = Time spent auto-exploring this place.
 F = Levels seen in this place.
 G = Mean time per level.
                   A        B        C        D        E       F      G
               +--------+--------+--------+--------+--------+-----+--------+
         Total |   1709 |   1687 |     22 |    237 |   1157 |   3 |  569.7 |
       Dungeon |   1709 |   1687 |     22 |    237 |   1157 |   3 |  569.7 |
               +--------+--------+--------+--------+--------+-----+--------+

Top non-repeatable levels by time:
     D:2: 920 daAuts
     D:1: 732 daAuts
     D:3: 56 daAuts

Table legend:
 A = Kills in this place as a percentage of kills in entire the game.
 B = Kills by you in this place as a percentage of kills by you in the entire game.
 C = Kills by friends in this place as a percentage of kills by friends in the entire game.
 D = Other kills in this place as a percentage of other kills in the entire game.
 E = Experience gained in this place as a percentage of experience gained in the entire game.
 F = Experience gained in this place divided by the number of levels of this place that you have seen.
                   A       B       C       D       E      F
               +-------+-------+-------+-------+-------+----------------------
         Total | 100.0 | 100.0 |   N/A |   N/A | 100.0 |  32.0
       Dungeon | 100.0 | 100.0 |   N/A |   N/A | 100.0 |  32.0
               +-------+-------+-------+-------+-------+----------------------
